 Dungeon Crawl Stone Soup version 0.22-a0-601-gb0ed703 (webtiles) character file.

42674 Hebeh the Blocker (level 13, -1/117 HPs)
             Began as a Minotaur Fighter on July 5, 2018.
             Was an Elder of Trog.
             Slain by a death yak (17 damage)
             ... on level 3 of the Lair of Beasts on July 6, 2018.
             The game lasted 02:18:01 (25449 turns).

Hebeh the Blocker (Minotaur Fighter)               Turns: 25449, Time: 02:18:02

Health: -1/117     AC: 25    Str: 29    XL:     13   Next: 86%
Magic:  17/17      EV:  9    Int:  5    God:    Trog [****..]
Gold:   666        SH:  6    Dex: 10    Spells: 12/12 levels left

rFire    + . .     SeeInvis +   a - +9 falchion of Cuthrulle {speed, rF+ rC+}
rCold    + + +     Gourm    +   A - +0 buckler of Polish {*Contam rC+++ rCorr}
rNeg     . . .     Faith    .   J - +2 shadow dragon scales
rPois    .         Spirit   .   i - +2 hat
rElec    .         Reflect  .   u - +0 cloak "Rerrewum" {rC+}
rCorr    +         Harm     .   v - +2 pair of gloves {Str+3}
MR       ++++.                  M - +0 pair of boots
Stlth    ++........             t - amulet of the gourmand
HPRegen  1.29/turn              g - ring of protection from magic
MPRegen  0.15/turn              G - ring of protection from magic

@: about to teleport, regenerating
A: retaliatory headbutt, horns 2, see invisible, wild magic 1
a: Berserk, Trog's Hand, Brothers in Arms, Renounce Religion


You were on level 3 of the Lair of Beasts.
You worshipped Trog.
Trog was greatly pleased with you.
You were very full.

You visited 4 branches of the dungeon, and saw 20 of its levels.

You collected 988 gold pieces.
You spent 322 gold pieces at shops.

Inventory:

Hand Weapons
 a - the +9 falchion of Cuthrulle (weapon) {speed, rF+ rC+}
   (You found it on level 11 of the Dungeon)

   Attacks with this weapon are significantly faster.
   It protects you from fire.
   It protects you from cold.
 b - a +4 hunting sling
 c - a +4 spear
 Y - a +0 blowgun
Missiles
 n - 88 sling bullets
 q - 374 stones
 V - 2 javelins (quivered)
 Z - 9 curare-tipped needles
Armour
 i - a +2 hat (worn)
 p - the +1 plate armour of Mirth {rElec rF+ Dex-4 SInv}
   (You found it on level 1 of the Lair of Beasts)

   It affects your dexterity (-4).
   It protects you from fire.
   It insulates you from electricity.
   It lets you see invisible.
 u - the +0 cloak "Rerrewum" (worn) {rC+}
   (You found it on level 5 of the Dungeon)

   It protects you from cold.
 v - a +2 pair of gloves of strength (worn)
 A - the +0 buckler of Polish (worn) {*Contam rC+++ rCorr}
   (You acquired it on level 9 of the Dungeon)

   It renders you almost immune to cold.
   It causes magical contamination when unequipped.
   It protects you from acid and corrosion.
 J - +2 shadow dragon scales (worn)
 M - a +0 pair of boots (worn)
Jewellery
 g - a ring of protection from magic (left hand)
 t - an amulet of the gourmand (around neck)
 G - a ring of protection from magic (right hand)
Wands
 m - a wand of scattershot (9)
 o - a wand of random effects (64)
 x - a wand of iceblast (23)
 C - a wand of enslavement (22)
 E - a wand of paralysis (27)
 K - a wand of flame (71)
Scrolls
 e - 2 scrolls of identify
 r - 7 scrolls of remove curse
 w - 3 scrolls of teleportation
 y - 2 scrolls of blinking
 R - 2 scrolls of immolation
 U - 2 scrolls of magic mapping
Potions
 d - a potion of might
 h - 3 potions of curing
 j - a potion of resistance
 k - a potion of magic
 l - a potion of brilliance
 s - a potion of haste {unknown}
 B - a potion of invisibility {unknown}
 D - 2 potions of ambrosia {unknown}
 F - a potion of cancellation {unknown}
 H - a potion of berserk rage {unknown}
 I - a potion of agility {unknown}
 L - 2 potions of mutation {unknown}
 W - 3 potions of lignification {unknown}
 X - a potion of heal wounds
Miscellaneous
 T - a phantom mirror
Comestibles
 f - 32 rations


   Skills:
 + Level 11.7 Fighting
 * Level 8.8 Long Blades
   Level 6.3(10.0) Axes
 - Level 11.8(12.4) Polearms
 + Level 9.4 Slings
 + Level 11.8 Armour
 + Level 11.9 Shields
 + Level 7.9 Evocations


You had 12 spell levels left.
You didn't know any spells.
Your spell library contained the following spells:

 Spells                   Type           Power        Failure   Level  Hunger
 Fireball                 Conj/Fire      #.........   100%        5    ######.
 Conjure Flame            Conj/Fire      #.......     100%        3    ####...
 Throw Flame              Conj/Fire      #.....       98%         2    ###....
 Sticky Flame             Conj/Fire      #.......     100%        4    #####..
 Flame Tongue             Conj/Fire      #....        94%         1    ##.....
 Inner Flame              Hex/Fire       #.......     100%        3    ####...


Dungeon Overview and Level Annotations

Branches:
Dungeon (14/15)            Temple (1/1) D:6            Lair (4/6) D:10
    Orc (1/2) D:10
  Swamp: Lair:2-4    Shoals: Lair:2-4     Snake: Lair:2-4    Spider: Lair:2-4
 Vaults: D:13-14

Altars:
Ashenzari
Dithmenos
Elyvilon
Gozag
Hepliaklqana
Nemelex Xobeh
Okawaru
Trog
Yredelemnul
Zin
The Shining One

Shops:
D:7 (   D:9 }![   D:12 [

Annotations:
Orc:1 Erica


Innate Abilities, Weirdness & Mutations

You reflexively headbutt those who attack you in melee.
You have a pair of horns on your head.
You have supernaturally acute eyesight. (SInv)
Your spells are a little harder to cast, but a little more powerful.


Message History

You hit the death yak.
The death yak is heavily wounded.
The death yak gores you. The death yak gores you!
* * * LOW HITPOINT WARNING * * *
You slash the death yak!
The death yak is severely wounded.
The death yak gores you!
* * * LOW HITPOINT WARNING * * *
The death yak misses you.
You riposte.
You hit the death yak but do no damage.
You headbutt the death yak, but do no damage.
You block the death yak's attack.
As you read the scroll of teleportation, it crumbles to dust.
You feel strangely unstable.
The death yak gores you but does no damage. x2
The death yak closely misses you.
You riposte.
You hit the death yak.
The death yak is lightly wounded.
Your skin crawls.
You feel resistant to hostile enchantments.
The death yak gores you!
You die...

#..###.....###..#............
#..####....# #.##......#.....
##.P# #.#..###.##.....+......
##..####..##.....##.##.......
#..#.###...###....#...#......
##.P...#...P##...............
##...............[.<..)......
#..........<......(..........
#...........@................
##.........YYY..##.....#.....
#.#.#.###.......##...#......
#.#######.....####...##.....
#.# ##.###....##....###.....
#.###...............###.....
#..##...........#...##......
##..####P###....##....##.....
#...# #####...###...........


You could see 3 death yaks.

Vanquished Creatures
  Rupert (D:13)
  Kirke (D:13)
  Fannar (D:12)
  3 hydras
  A death yak (Lair:4)
  Urug (D:11)
  4 two-headed ogres
  Sonja (Lair:1)
  Nergalle (D:12)
  An unseen horror (D:12)
  3 ugly things (D:13)
  2 cyclopes
  10 elephants
  3 oklob plants (Lair:2)
  2 manticores (D:11)
  Maurice (D:13)
  A centaur zombie (D:12)
  A gargoyle (D:10)
  7 spiny frogs
  3 centaur skeletons
  A komodo dragon (Lair:3)
  A rime drake (Lair:1)
  7 polar bears
  2 trolls
  9 hippogriffs
  3 slime creatures (D:11)
  5 blink frogs (Lair:3)
  3 water elementals (D:11)
  Sigmund (D:3)
  8 redbacks
  2 shadows
  8 yaks
  A basilisk (Lair:1)
  A wyvern (shapeshifter) (D:13)
  Eustachio (D:6)
  2 vampire mosquitoes (D:12)
  2 hungry ghosts
  A steam dragon (Lair:2)
  A warg (D:9)
  4 water moccasins
  4 porcupines
  An acid dragon (D:11)
  5 orc warriors
  7 ice beasts
  3 sky beasts
  12 black bears
  A necrophage (D:9)
  3 phantoms
  8 ogres
  7 wolves (Lair:4)
  6 centaurs
  9 crocodiles
  13 bullfrogs
  A big kobold (D:11)
  3 scorpions
  11 killer bees
  3 howler monkeys (D:13)
  12 wights
  5 electric eels
  A bullfrog zombie (D:11)
  6 crimson imps
  A jelly (D:9)
  13 hounds
  11 orc priests
  15 orc wizards
  2 bullfrog skeletons
  Jessica (D:2)
  7 iguanas
  8 worker ants
  A hound skeleton (D:10)
  A worker ant zombie (D:5)
  A howler monkey skeleton (D:4)
  4 gnolls
  13 adders
  5 shadow imps
  An adder zombie (D:8)
  2 adder skeletons
  3 worms
  7 leopard geckos
  53 orcs
  5 bats
  7 giant cockroaches
  4 goblins
  10 hobgoblins
  3 jackals (D:8)
  8 quokkas
  7 frilled lizards
  A giant cockroach zombie (D:4)
  9 kobolds
  A leopard gecko skeleton (D:4)
  11 rats
  2 bushes (Lair:2)
  9 plants
458 creatures vanquished.

Vanquished Creatures (others)
  A human (D:13)
  A sky beast (D:5)
  2 fungi
  13 plants
17 creatures vanquished.

Grand Total: 475 creatures vanquished

Notes
Turn   | Place    | Note
-------+----------+-------------------------------------------
     0 | D:1      | Hebeh the Minotaur Fighter began the quest for the Orb.
     0 | D:1      | Reached XP level 1. HP: 19/19 MP: 0/0
   190 | D:1      | Reached XP level 2. HP: 26/27 MP: 1/1
   945 | D:2      | Noticed Jessica
   954 | D:2      | Killed Jessica
   954 | D:2      | Reached XP level 3. HP: 33/33 MP: 2/2
  1109 | D:2      | Reached XP level 4. HP: 40/40 MP: 3/3
  1215 | D:2      | Found a glowing silver altar of Zin.
  1216 | D:2      | Found an opulent altar of Gozag.
  1574 | D:3      | Reached XP level 5. HP: 46/47 MP: 4/4
  1581 | D:3      | Found a shattered altar of Ashenzari.
  2254 | D:3      | Noticed Sigmund
  2267 | D:3      | Killed Sigmund
  2267 | D:3      | Reached skill level 5 in Axes
  2267 | D:3      | Reached skill level 5 in Shields
  2267 | D:3      | Reached XP level 6. HP: 35/55 MP: 5/5
  2411 | D:3      | Reached skill level 5 in Armour
  2417 | D:3      | Reached skill level 5 in Fighting
  2572 | D:4      | Reached XP level 7. HP: 58/61 MP: 6/6
  3206 | D:5      | Entered Level 5 of the Dungeon
  3313 | D:5      | Reached skill level 1 in Polearms
  3328 | D:5      | Got a transparent cloak
  3339 | D:5      | Identified the +0 cloak "Rerrewum" {rC+} (You found it on level 5 of the Dungeon)
  3679 | D:5      | Found a hazy altar of Hepliaklqana.
  3686 | D:5      | Found a basalt altar of Yredelemnul.
  3880 | D:5      | Reached XP level 8. HP: 67/70 MP: 2/7
  3980 | D:6      | Reached skill level 1 in Slings
  4003 | D:6      | Reached skill level 1 in Evocations
  4029 | D:6      | Found a staircase to the Ecumenical Temple.
  4055 | Temple   | Entered the Ecumenical Temple
  4070 | Temple   | Became a worshipper of Trog the Wrathful
  4249 | D:6      | Reached skill level 5 in Polearms
  4356 | D:6      | Noticed Eustachio
  4367 | D:6      | Reached XP level 9. HP: 76/78 MP: 3/9
  4387 | D:6      | Killed Eustachio
  4387 | D:6      | Reached * piety under Trog
  5586 | D:7      | Found Deit's Antique Weapon Shop.
  6149 | D:8      | Reached ** piety under Trog
  6196 | D:8      | Reached XP level 10. HP: 51/88 MP: 3/11
  6476 | D:8      | Noticed a two-headed ogre
  6490 | D:8      | Killed a two-headed ogre
  6803 | D:9      | Noticed a two-headed ogre
  6886 | D:8      | Killed a two-headed ogre
  6886 | D:8      | Reached skill level 5 in Slings
  6896 | D:8      | HP: 4/89 [orc priest/divine providence (17)]
  7393 | D:9      | Identified a scroll of acquirement
  7396 | D:9      | Got a dazzling buckler
  7407 | D:9      | Identified the +0 buckler of Polish {*Contam rC+++ rCorr} (You acquired it on level 9 of the Dungeon)
  7438 | D:8      | Gained mutation: You have supernaturally acute eyesight. (SInv) [mutagenic glow]
  7769 | D:9      | Reached *** piety under Trog
  7819 | D:9      | Found Jukoosk's Armour Shoppe.
  7972 | D:9      | Found Ysoll's Distillery.
  8243 | D:9      | Found Wietik's Gadget Boutique.
  8349 | D:10     | Entered Level 10 of the Dungeon
  8349 | D:10     | Found a staircase to the Orcish Mines.
  8719 | Orc:1    | Entered Level 1 of the Orcish Mines
  8719 | Orc:1    | Noticed Erica
  8790 | D:10     | Noticed a gargoyle
  8810 | D:10     | Killed a gargoyle
  8810 | D:10     | Reached XP level 11. HP: 62/95 MP: 4/13
  8977 | D:10     | Noticed a two-headed ogre
  8988 | D:10     | Killed a two-headed ogre
  8988 | D:10     | Reached **** piety under Trog
  9072 | D:10     | Reached skill level 5 in Evocations
  9239 | D:10     | Reached skill level 10 in Polearms
  9718 | D:10     | Found a staircase to the Lair.
  9881 | D:11     | Received a gift from Trog
 10190 | D:10     | Upgraded the game from 0.22-a0-596-gfbd32a6 to 0.22-a0-601-gb0ed703
 10209 | Lair:1   | Entered Level 1 of the Lair of Beasts
 10746 | D:11     | Noticed Urug
 10769 | D:11     | Killed Urug
 11962 | D:11     | Got a jewelled falchion
 12251 | D:11     | Noticed a two-headed ogre
 12267 | D:11     | Killed a two-headed ogre
 12295 | D:11     | Reached ***** piety under Trog
 12425 | D:11     | Reached skill level 10 in Shields
 13643 | D:12     | Reached skill level 10 in Armour
 13650 | D:12     | Noticed an unseen horror
 13672 | D:12     | Killed an unseen horror
 13708 | D:12     | Reached XP level 12. HP: 76/106 MP: 5/15
 13762 | D:11     | Reached skill level 10 in Fighting
 13981 | D:12     | Noticed Fannar
 14056 | D:12     | Killed Fannar
 14230 | D:12     | Gained mutation: Your spells are a little harder to cast, but a little more powerful. [mutagenic glow]
 14468 | D:11     | Received a gift from Trog
 14800 | D:12     | Noticed Nergalle
 14975 | D:12     | Killed Nergalle
 15041 | D:12     | Found Luoda's Antique Armour Emporium.
 15137 | D:12     | Identified the +9 falchion of Cuthrulle {speed, rF+ rC+} (You found it on level 11 of the Dungeon)
 15245 | D:13     | Reached skill level 1 in Long Blades
 15439 | D:12     | HP: 5/106 [poisoned by a redback]
 15447 | D:12     | HP: 5/106 [poisoned by a redback]
 16453 | D:13     | Got a polished morningstar
 16528 | D:12     | Identified the +7 morningstar of Guest {vamp, Fragile rC+++ MP+9 Int-4} (You found it on level 13 of the Dungeon)
 16550 | D:13     | Noticed Kirke
 16571 | D:13     | Killed Kirke
 16910 | D:13     | Noticed Rupert
 16924 | D:13     | Killed Rupert
 17339 | D:13     | Noticed Maurice
 17351 | D:13     | Killed Maurice
 17548 | D:13     | Reached skill level 5 in Long Blades
 17908 | D:14     | Noticed a seven-headed hydra
 18055 | Lair:1   | Got a steaming plate armour
 18127 | Lair:1   | Noticed a six-headed hydra
 18142 | Lair:1   | Killed a six-headed hydra
 18195 | Lair:1   | Noticed a six-headed hydra
 18207 | Lair:1   | Killed a six-headed hydra
 18762 | Lair:1   | Reached XP level 13. HP: 107/115 MP: 17/17
 19091 | Lair:1   | Noticed Sonja
 19510 | Lair:1   | Received a gift from Trog
 19615 | Lair:1   | Killed Sonja
 20337 | Lair:1   | Identified the cursed +1 plate armour of Mirth {rElec rF+ Dex-4 SInv} (You found it on level 1 of the Lair of Beasts)
 22498 | Lair:2   | You fall through a shaft for 2 floors!
 24202 | D:9      | Bought a +2 pair of gloves of strength for 322 gold pieces
 24900 | Lair:3   | Received a gift from Trog
 25449 | Lair:3   | Slain by a death yak

Vault maps used:
D:1:      scummos_arrival_simple_crosswalls
D:2:      grunt_temple_overflow_gold_and_silver, uniq_jessica
D:3:      evilmike_ruin_ashenzari, uniq_sigmund
D:4:      first_ration
D:5:      minitemple
D:6:      minmay_temple_entry_purple_smoke, minmay_gold_behind_fungi,
          st_stairs_5, uniq_eustachio
D:7:      serial_shops, nicolae_shop_overgrown_old_shop
D:9:      serial_shops, nicolae_shop_behind_doors, shop, kennysheep_mini_moat,
          grunt_ogre_cave
D:10:     lair_entry_dummy, david_orc_3
D:11:     serial_bayou_lake_a, uniq_urug
D:12:     serial_shops, nicolae_shop_stone, uniq_nergalle, uniq_fannar
D:13:     spider_trap, uniq_kirke, uniq_maurice, uniq_rupert
D:14:     cheibrodos_body_horror, erik_vaults_2, basic_altar,
          minmay_strange_pillars
Temple:   compressed_dpeg_circular_temple
Lair:1:   beast_lair_carwin_large_4, lab_entry_generic, dpeg_stationary_puzzle,
          uniq_sonja
Lair:2:   disabler_island, grunt_megastairs_3
Lair:4:   dragon1_lemuel, minmay_shoals_entry_hut, guppyfry_snake_entry_garden,
          bobbens_ice_dragon_lair
Orc:1:    enter_volcano_2, uniq_erica

Skill      XL: |  1  2  3  4  5  6  7  8  9 10 11 12 13 |
---------------+----------------------------------------+-----
Axes           | 3 4 5 6 |  6.3
Fighting       | 4 5 6 7 8 9 10 11 | 11.7
Armour         | 4 5 6 7 8 9 10 11 | 11.8
Shields        | 4 5 6 8 9 10 11 | 11.9
Polearms       | 3 5 7 9 11 | 11.8
Slings         | 2 4 5 7 8 9 |  9.4
Evocations     | 2 3 4 5 7 |  7.9
Long Blades    | 5 8 |  8.8

Action                   |  1- 3 |  4- 6 |  7- 9 | 10-12 | 13-15 || total
-------------------------+-------+-------+-------+-------+-------++-------
Melee: War axe           |    74 |   111 |    25 |       |       ||   210
       Headbutt          |     4 |    17 |   103 |   225 |   154 ||   503
       Spear             |       |       |   553 |   908 |    51 ||  1512
       Falchion          |       |       |       |   149 |   439 ||   588
 Fire: Hunting sling     |       |       |     4 |   100 |    81 ||   185
Throw: Stone             |       |       |       |    13 |     7 ||    20
       Javelin           |       |       |       |    15 |     8 ||    23
Invok: Trog's Hand       |       |       |       |       |     1 ||     1
  Use: Scroll            |       |       |       |    21 |    10 ||    31
       Potion            |       |       |       |     4 |     1 ||     5
 Stab: Sleeping          |       |       |     7 |     5 |     3 ||    15
       Distracted        |       |       |     1 |     1 |       ||     2
  Eat: Chunk             |     1 |     5 |    36 |    36 |    24 ||   102
       Ration            |       |       |       |     3 |       ||     3
Armor: Scale mail        |    46 |    45 |    20 |       |       ||   111
       Plate armour      |       |       |    72 |       |       ||    72
       Shadow dragon sca |       |       |   146 |   481 |   296 ||   923
Dodge: Dodged            |    35 |    35 |    85 |   255 |   159 ||   569
Block: Shield            |    49 |    54 |   238 |   289 |       ||   630
       Buckler           |       |       |       |    91 |   141 ||   232
       Rpst.: Falchion   |       |       |       |    16 |    27 ||    43

Table legend:
 A = Spawn XP
 B = Non-spawn XP
 C = Spawn XP percentage of total XP
 D = Spawn monster count
 E = Non-spawn monster count
 F = Spawn count percentage of total count
 G = Total turns spent on level
                    A         B        C        D         E        F      G
               +---------+---------+-------+---------+---------+-------+---------
         Total |       0 |   60963 |   0.0 |       0 |     448 |   0.0 | 25449
               +---------+---------+-------+---------+---------+-------+---------
           D:1 |       0 |      21 |   0.0 |       0 |      14 |   0.0 |   848
           D:2 |       0 |     137 |   0.0 |       0 |      30 |   0.0 |   629
           D:3 |       0 |     401 |   0.0 |       0 |      20 |   0.0 |  1069
           D:4 |       0 |     322 |   0.0 |       0 |      18 |   0.0 |   660
           D:5 |       0 |     569 |   0.0 |       0 |      16 |   0.0 |   658
           D:6 |       0 |    1745 |   0.0 |       0 |      32 |   0.0 |   824
           D:7 |       0 |    1088 |   0.0 |       0 |      19 |   0.0 |  1038
           D:8 |       0 |    3808 |   0.0 |       0 |      43 |   0.0 |  1561
           D:9 |       0 |    2165 |   0.0 |       0 |      33 |   0.0 |  1331
          D:10 |       0 |    3143 |   0.0 |       0 |      41 |   0.0 |  1670
          D:11 |       0 |    7138 |   0.0 |       0 |      54 |   0.0 |  3975
          D:12 |       0 |    5419 |   0.0 |       0 |      17 |   0.0 |  2088
          D:13 |       0 |    8968 |   0.0 |       0 |      18 |   0.0 |  1743
        Lair:1 |       0 |    8563 |   0.0 |       0 |      35 |   0.0 |  2429
        Lair:2 |       0 |    6528 |   0.0 |       0 |      19 |   0.0 |  3015
        Lair:3 |       0 |    6750 |   0.0 |       0 |      25 |   0.0 |  1405
        Lair:4 |       0 |    4198 |   0.0 |       0 |      14 |   0.0 |   459
               +---------+---------+-------+---------+---------+-------+---------
